 Dungeon Crawl Stone Soup version 0.30-a0-989-g0d87f670db (webtiles) character file.

Game seed: 10945042418210734981

2 DeathPants the Sneak (level 1, -4/11 HPs)
             Began as a Vine Stalker Delver on Apr 3, 2023.
             Shot with an arrow by a centaur (5 damage)
             ... on level 5 of the Dungeon.
             The game lasted 00:00:36 (72 turns).

DeathPants the Sneak (Vine Stalker Delver)            Turns: 72, Time: 00:00:37

Health: -4/11      AC:  3    Str: 14    XL:     1   Next: 30%
Magic:  0/2        EV: 11    Int: 10    God:
Gold:   11         SH:  0    Dex: 15    Spells: 0/0 levels left

rFire   . . .      SeeInvis .    a - +0 falchion
rCold   . . .      Faith    .    (no shield)
rNeg    . . .      Spirit   +    b - +0 leather armour
rPois   .          Reflect  .    (no helmet)
rElec   .          Rampage  .    (no cloak)
rCorr   .                        (no gloves)
Will    .....                    (no boots)
Stlth   +++                      (no amulet)
HPRegen 0.21/turn                (no ring)
MPRegen 0.08/turn                (no ring)

@: no status effects
A: fangs 2, magic shield, antimagic bite, no potion heal 2
a: no special abilities


You were on level 5 of the Dungeon.
You visited 1 branch of the dungeon, and saw 2 of its levels.

You collected 11 gold pieces.

Inventory:

Hand Weapons
 a - a +0 falchion (weapon)
Armour
 b - a +0 leather armour (worn)
Wands
 g - a wand of digging (3)
Scrolls
 d - a scroll of magic mapping
 e - a scroll of fear
 i - a scroll of teleportation {unknown}
Potions
 f - a potion of haste
 h - a potion of heal wounds {unknown}


   Skills:
 + Level 2.7 Fighting
 + Level 1.8 Long Blades
 + Level 1.6 Dodging
 + Level 6.0 Stealth


You couldn't memorise any spells.
You didn't know any spells.
Your spell library was empty.

Dungeon Overview and Level Annotations

Branches:
Dungeon (6/15)
 Temple: D:4-7

Altars:


Innate Abilities, Weirdness & Mutations

You have extremely sharp teeth.
When hurt, damage is shared between your health and your magic reserves.
Your bite disrupts and absorbs the magic of your enemies.
Potions cannot restore your health.


Message History

Welcome, DeathPants the Vine Stalker Delver.
If you return without finding the Orb of Zot, so far below, it's all over!
Press ? for a list of commands and other information.
Found 11 gold pieces.
Found an escape hatch in the ceiling.
Found a stone staircase leading down.
You climb downwards.
There is a stone staircase leading up here.
You open the door.
There is an open door here.
A black bear comes into view.
The black bear growls angrily.
There is an open door here.
There is a stone staircase leading up here.
You climb upwards.
There is a stone staircase leading down here.
You now have 11 gold pieces.
h - a murky yellow potion An orc comes into view.
It is wielding a +0 dagger.
An iguana comes into view.
You see here a scroll labelled JUNUAH BEGO.
i - a scroll labelled JUNUAH BEGO The orc shouts!
A centaur comes into view.
As you read the scroll of fog, it crumbles to dust.
The scroll dissolves into smoke.
You closely miss the orc. You bite the orc. You drain its power.
The orc is lightly wounded.
The orc hits you with a +0 dagger.
You slash the orc!
You kill the orc!
Things that are here:
a +0 dagger; an orc corpse The centaur shouts!
The centaur wields a +0 shortbow.
The centaur shoots an arrow.
The arrow hits you!
Ouch! That really hurt!
* * * LOW HITPOINT WARNING * * *
The centaur shoots an arrow.
The arrow hits you.
You die...

....... ..######.#
....... #.........
....... #.........
.......##### #.........
...........# #.........
c......##§§# #.........
#....⌠.§§§§## #.........
......§@§§§§###.........
......§§§§§§.##.........
......§§§§§.............
......................<.
........................
........................
....####...............>
...# ##...............
#......⌠........


You could see a centaur.

Vanquished Creatures
  An orc (D:5)
1 creature vanquished.

Notes
Turn   | Place    | Note
-------+----------+-------------------------------------------
     0 | D:5      | DeathPants the Vine Stalker Delver began the quest for the
                  | Orb.
     0 | D:5      | Reached XP level 1. HP: 11/11 MP: 2/2
    20 | D:6      | Noticed a black bear
    56 | D:5      | Noticed an iguana
    66 | D:5      | Noticed a centaur
    72 | D:5      | Shot with an arrow by a centaur

Illustrated notes

Levels and vault maps discovered:
D:5:      layout_basic, kennysheep_decorative_pillar, uniq_ijyb, uniq_eustachio
D:6:      layout_gridville, uniq_sigmund, uniq_edmund

Action                     || total
---------------------------++-------
  Melee: Falchion          ||     2
         Bite              ||     1
    Use: Scroll            ||     1

Table legend: (Time is in decaauts)
 A = Elapsed time spent in this place.
 B = Non-inter-level travel time spent in this place.
 C = Inter-level travel time spent in this place.
 D = Time resting spent in this place.
 E = Time spent auto-exploring this place.
 F = Levels seen in this place.
 G = Mean time per level.
                   A        B        C        D        E       F      G
               +--------+--------+--------+--------+--------+-----+--------+
         Total |     72 |     72 |      0 |      0 |     14 |   2 |   36.0 |
       Dungeon |     72 |     72 |      0 |      0 |     14 |   2 |   36.0 |
               +--------+--------+--------+--------+--------+-----+--------+

Top non-repeatable levels by time:
     D:5: 40 daAuts
     D:6: 31 daAuts
